 Dungeon Crawl Stone Soup version 0.23.2 (webtiles) character file.

Game seed: 716195372558019240

291 Gadfly the Chopper (level 6, -1/47 HPs)
             Began as a Demonspawn Monk on Apr 2, 2019.
             Was a Believer of Qazlal.
             Slain by an adder (3 damage)
             ... on level 3 of the Dungeon.
             The game lasted 00:04:39 (3007 turns).

Gadfly the Chopper (Demonspawn Monk)                Turns: 3007, Time: 00:04:40

Health: -1/47      AC: 12    Str: 13    XL:     6   Next: 10%
Magic:  6/6        EV:  7    Int: 11    God:    Qazlal [**....]
Gold:   142        SH:  3    Dex: 16    Spells: 5/5 levels left

rFire    . . .     SeeInvis .   k - +0 scythe (protect)
rCold    + . .     Gourm    .   (shield currently unavailable)
rNeg     . . .     Faith    .   r - +0 chain mail
rPois    .         Spirit   .   (no helmet)
rElec    .         Reflect  .   (no cloak)
rCorr    .         Harm     .   n - +0 pair of gloves
MR       .....                  (no boots)
Stlth    ..........             (no amulet)
HPRegen  0.15/turn              l - ring of protection from cold
MPRegen  0.10/turn              (no ring)

@: very slightly contaminated, invisible
A: hooves 1, iridescent scales 1
a: Upheaval, Renounce Religion


You were on level 3 of the Dungeon.
You worshipped Qazlal.
Qazlal was pleased with you.
You were not hungry.

You visited 1 branch of the dungeon, and saw 3 of its levels.

You collected 142 gold pieces.

Inventory:

Hand Weapons
 a - a +0 hand axe
 k - a +0 scythe of protection (weapon)
Missiles
 e - 6 javelins (quivered)
Armour
 n - a +0 pair of gloves (worn)
 r - a +0 chain mail (worn)
Jewellery
 l - a ring of protection from cold (left hand)
Scrolls
 b - 2 scrolls of remove curse
 h - 4 scrolls of identify
 i - a scroll of blinking
 j - 3 scrolls of enchant armour
 q - a scroll of teleportation
Potions
 f - 2 potions of invisibility
 g - a potion of cancellation
Comestibles
 c - 8 rations
 p - 2 chunks of flesh


   Skills:
 - Level 3.0 Fighting
 * Level 5.4 Axes
 - Level 2.8 Armour
 - Level 2.6 Dodging
 - Level 1.7 Stealth


You had 5 spell levels left.
You didn't know any spells.
Your spell library was empty.

Dungeon Overview and Level Annotations

Branches:
Dungeon (3/15)

Altars:
Qazlal
Trog
Uskayaw


Innate Abilities, Weirdness & Mutations

You have large cloven feet.
You are partially covered in iridescent scales. (AC +2)


Message History

The puff of frost misses you.
The shadow imp hits you but does no damage.
You hit Natasha.
Your weapon exudes an aura of protection.
You kick Natasha.
You kill Natasha!
Qazlal accepts your kill.
Natasha screams in fury as she dies!
The shadow imp disappears in a puff of smoke!
The white imp disappears in a puff of smoke!
An adder comes into view.
The adder hisses angrily.
You feel yourself speed up.
Okay, then.
You fade into invisibility!
The adder bites you.
* * * LOW HITPOINT WARNING * * *
You are very lightly contaminated with residual magic.
You closely miss the adder. The adder bites you.
You die...

#...........#
#.....
##.)........#
#.....
#..........#
#.....
#÷.........#
#.....
#...########
##.... #...#
#####....
#...#
#........
###...###
#........
#...@...#
#........
#..○☼S..#
#........
#...○...#
#........
#.......#
#........
#.......#
#........
#.......#
#........
#.......#
#########
#.......#
#.......#


You could see an adder.

Vanquished Creatures
  Sigmund (D:3)
  An orc wizard (D:3)
  Natasha (D:3)
  2 adders (D:2)
  2 oozes
  3 worms
  A dart slug (D:2)
  A leopard gecko (D:2)
  3 orcs (D:3)
  2 giant cockroaches
  8 goblins
  7 hobgoblins
  3 jackals (D:2)
  2 quokkas
  2 ball pythons
  3 bats
  A frilled lizard (D:3)
  2 kobolds
  7 rats (D:2)
52 creatures vanquished.

Notes
Turn   | Place    | Note
-------+----------+-------------------------------------------
     0 | D:1      | Gadfly the Demonspawn Monk began the quest for the Orb.
     0 | D:1      | Reached XP level 1. HP: 18/18 MP: 1/1
   136 | D:1      | Reached skill level 3 in Axes
   389 | D:1      | Gained mutation: You have large cloven feet. [demonic
                  | ancestry]
   389 | D:1      | Reached XP level 2. HP: 20/24 MP: 2/2
   722 | D:2      | Reached skill level 1 in Armour
   843 | D:2      | Reached XP level 3. HP: 29/29 MP: 3/3
  1180 | D:2      | Found a stormy altar of Qazlal.
  1256 | D:2      | Became a worshipper of Qazlal Stormbringer
  1256 | D:2      | Reached * piety under Qazlal
  1256 | D:2      | Reached ** piety under Qazlal
  1384 | D:2      | Found a bloodstained altar of Trog.
  1845 | D:3      | HP: 1/29 [leopard gecko (3)]
  2106 | D:3      | Reached skill level 4 in Axes
  2112 | D:3      | Reached XP level 4. HP: 34/35 MP: 4/4
  2218 | D:3      | Noticed Sigmund
  2252 | D:3      | Killed Sigmund
  2252 | D:3      | Reached skill level 5 in Axes
  2252 | D:3      | Gained mutation: You are partially covered in iridescent
                  | scales. (AC +2) [demonic ancestry]
  2252 | D:3      | Reached XP level 5. HP: 3/41 MP: 5/5
  2254 | D:3      | HP: 2/41 [hobgoblin/+0 club (1)]
  2658 | D:3      | Noticed a +0 dagger
  2659 | D:3      | Noticed a +0 hand axe
  2660 | D:3      | Found a hide-covered altar of Uskayaw.
  2980 | D:3      | Noticed Natasha
  2983 | D:3      | Reached XP level 6. HP: 36/47 MP: 6/6
  2990 | D:3      | HP: 1/47 [shadow imp/nerve-wracking pain[Natasha] (3)]
  2993 | D:3      | Killed Natasha
  3006 | D:3      | HP: 2/47 [adder (1)]
  3007 | D:3      | Slain by an adder

Skill      XL: |  1  2  3  4 |
---------------+-------------+-----
Axes           | 3 4 5 |  5.4
Armour         | 1 2 |  2.8
Fighting       | |  3.0
Dodging        | |  2.6
Stealth        | |  1.7

Action                   |  1- 3 |  4- 6 || total
-------------------------+-------+-------++-------
Melee: Hand axe          |   121 |    55 ||   176
       Kick              |    23 |    21 ||    44
       Scythe            |       |    39 ||    39
Throw: Javelin           |     3 |       ||     3
  Use: Scroll            |     4 |     3 ||     7
       Potion            |     1 |     4 ||     5
 Stab: Sleeping          |     3 |       ||     3
  Eat: Chunk             |     4 |     3 ||     7
Armor: Ring mail         |    43 |     7 ||    50
       Robe              |     2 |       ||     2
       Scale mail        |       |     2 ||     2
       Chain mail        |       |    47 ||    47
Dodge: Dodged            |    75 |    27 ||   102
Block: Other             |     8 |     7 ||    15
